[Event "Titled Tuesday Blitz March 07 Early 2023"]
[White "Mamedov, Edgar"]
[Black "Bozorov, Makhsum"]
[WhiteFideId "13739980"]
[BlackFideId "14201330"]
[WhiteElo "2330"]
[BlackElo "2467"]
[Result "1-0"]
[Round "08"]
[TimeControl "180+2"]
[Date "2023.03.07"]
[WhiteClock "0:01:39"]
[BlackClock "0:02:10"]

1. d4 Nf6 2. Bg5 Ne4 3. Bf4 d5 4. e3 c5 5. Bd3 Nf6 6. Nc3 Nc6 7. Nb5 c4 8. Nc7+ Kd7 9. Nxa8 cxd3 10. Qxd3 e6 11. Nf3 Nh5 12. Ne5+ Nxe5 13. Bxe5 f6 14. Bc7 Qe8 15. Qb5+ Ke7 16. Bd6+ Kf7 17. Qxe8+ Kxe8 18. Bxf8 Rxf8 19. Nc7+ Kd7 20. Nb5 f5 21. O-O-O a6 22. Nc3 b5 23. Ne2 Bb7 24. Nf4 Nf6 25. f3 g5 26. Nd3 h5 27. Nc5+ 1-0


[Site "https://www.chess.com"]

[Event "Titled Tuesday Blitz March 07 Early 2023"]
[White "Jakubowski, Krzysztof"]
[Black "Mazurkiewicz, Michal"]
[WhiteFideId "1112848"]
[BlackFideId "1124943"]
[WhiteElo "2359"]
[BlackElo "2054"]
[Result "1-0"]
[Round "08"]
[TimeControl "180+2"]
[Date "2023.03.07"]
[WhiteClock "0:00:24"]
[BlackClock "0:00:10"]

1. e4 d6 2. d4 Nf6 3. Nc3 c6 4. f4 Qb6 5. Nf3 Bg4 6. h3 Bxf3 7. Qxf3 e6 8. g4 Qxd4 9. Be3 Qb4 10. O-O-O d5 11. exd5 Nxd5 12. Bd2 Qb6 13. f5 Nd7 14. fxe6 fxe6 15. Qe2 O-O-O 16. Qxe6 Nc7 17. Qb3 Qxb3 18. axb3 Nf6 19. Bd3 Bd6 20. Rdf1 h6 21. Ne2 Ncd5 22. Nd4 Rhe8 23. Bg6 Re5 24. Nf5 Bf8 25. Re1 Rxe1+ 26. Rxe1 Kd7 27. c4 Nb4 28. Bxb4 Bxb4 29. Rd1+ Kc7 30. Rxd8 Kxd8 31. Nxg7 Ne4 32. Bxe4 1-0


[Site "https://www.chess.com"]

[Event "Titled Tuesday Blitz March 07 Early 2023"]
[White "Nur-Mukhametova, Alisa"]
[Black "Bews, Steven"]
[WhiteFideId "54117739"]
[BlackFideId "2400529"]
[WhiteElo "1903"]
[BlackElo "2587"]
[Result "1-0"]
[Round "08"]
[TimeControl "180+2"]
[Date "2023.03.07"]
[WhiteClock "0:01:22"]
[BlackClock "0:01:41"]

1. d4 Nf6 2. c4 e6 3. Nf3 Bb4+ 4. Nbd2 b6 5. a3 Bxd2+ 6. Qxd2 Bb7 7. e3 d6 8. Be2 Nbd7 9. b4 O-O 10. Bb2 Ne4 11. Qc2 f5 12. O-O Rf6 13. d5 Rg6 14. Nd4 Qh4 15. Nxe6 Rh6 16. h3 Nf8 17. Nxg7 Rg6 18. Nxf5 Qxh3 19. Ne7+ Kf7 20. Nxg6 Qh6 21. Nh8+ Kg8 22. Qxe4 1-0


[Site "https://www.chess.com"]

[Event "Titled Tuesday Blitz March 07 Early 2023"]
[White "Pinheiro, Iung Alicio de O."]
[Black "Devaev, Alexander"]
[WhiteFideId "2104350"]
[BlackFideId "4169395"]
[WhiteElo "2283"]
[BlackElo "2225"]
[Result "0-1"]
[Round "08"]
[TimeControl "180+2"]
[Date "2023.03.07"]
[WhiteClock "0:00:06"]
[BlackClock "0:00:08"]

1. e4 c6 2. d4 d5 3. e5 Bf5 4. h4 Qb6 5. g4 Bd7 6. Nc3 e6 7. Na4 Qc7 8. f4 h5 9. gxh5 Nh6 10. Bh3 Be7 11. Nf3 b6 12. Be3 c5 13. Nc3 a6 14. Ne2 Nc6 15. c3 Nf5 16. Bxf5 exf5 17. Ng3 Be6 18. a3 O-O-O 19. b4 cxd4 20. cxd4 Kb7 21. Rc1 Qd7 22. Rh2 Rc8 23. Ng5 Na7 24. Rhc2 Rc4 25. Nf1 Nb5 26. Qd3 Rxh5 27. Nd2 Rxc2 28. Rxc2 Rxh4 29. Ngf3 Rh8 30. a4 Na7 31. a5 Rc8 32. axb6 Rxc2 33. Qxc2 Kxb6 34. Nb3 Bxb4+ 35. Bd2 Qb5 36. Nc5 Nc6 0-1


[Site "https://www.chess.com"]

[Event "Titled Tuesday Blitz March 07 Early 2023"]
[White "Heinemann, Josefine"]
[Black "Turzo, Attila"]
[WhiteFideId "12900460"]
[BlackFideId "704954"]
[WhiteElo "2342"]
[BlackElo "2528"]
[Result "1-0"]
[Round "08"]
[TimeControl "180+2"]
[Date "2023.03.07"]
[WhiteClock "0:00:11"]
[BlackClock "0:00:06"]

1. e4 c5 2. Nf3 Nc6 3. d4 cxd4 4. Nxd4 g6 5. c4 Bg7 6. Be3 Nf6 7. Nc3 d6 8. Be2 O-O 9. O-O Bd7 10. Nc2 a5 11. f3 Be6 12. b3 Nd7 13. Qd2 Nc5 14. Rac1 Qb6 15. Rb1 Rfc8 16. Rfc1 Qd8 17. Bf1 h5 18. Nd4 Nxd4 19. Bxd4 Bxd4+ 20. Qxd4 Qb6 21. Kh1 Qb4 22. Nb5 Nd7 23. a3 Qc5 24. Qd2 Ne5 25. Nd4 Bd7 26. b4 axb4 27. axb4 Qb6 28. h3 Kg7 29. f4 Nc6 30. Nf3 Be8 31. c5 Qd8 32. Qb2+ Kg8 33. Rd1 Qc7 34. cxd6 exd6 35. Qf6 Rd8 36. Bc4 Qe7 37. Qxg6+ Kf8 38. Qh6+ Kg8 39. Ng5 Qd7 40. Qh7+ Kf8 41. Qh8+ Ke7 42. Qxh5 Ra3 43. Qh4 Kf8 44. Nf3 Re3 45. Qh6+ Ke7 46. f5 Rxe4 47. f6# 1-0


[Site "https://www.chess.com"]

[Event "Titled Tuesday Blitz March 07 Early 2023"]
[White "Sokac, Marko"]
[Black "Staudenhocker43"]
[WhiteFideId "14531356"]
[WhiteElo "2355"]
[BlackElo "2435"]
[Result "0-1"]
[Round "08"]
[TimeControl "180+2"]
[Date "2023.03.07"]
[WhiteClock "0:00:04"]
[BlackClock "0:00:25"]

1. e4 c5 2. a3 g6 3. h4 Nc6 4. h5 Bg7 5. Bc4 e6 6. Nc3 a6 7. d3 b5 8. Ba2 Bb7 9. Nf3 Qc7 10. Be3 Nd4 11. Bxd4 cxd4 12. Ne2 e5 13. c3 dxc3 14. Nxc3 Ne7 15. Qd2 h6 16. hxg6 fxg6 17. Rc1 Qd6 18. Qe3 Rc8 19. O-O h5 20. Rfd1 Bh6 21. Qa7 Bxc1 22. Rxc1 Qb8 23. Qe3 Rf8 24. Qg5 Rxf3 25. gxf3 Qd6 26. Rd1 Rc5 27. Qh6 Kd8 28. Qf8+ Kc7 29. f4 exf4 30. d4 Rg5+ 31. Kf1 Nc8 32. Qh6 Rg4 33. e5 Qe7 34. Bd5 Nb6 35. Bxb7 Kxb7 36. Ne4 f3 37. Nd6+ Ka7 38. Qe3 Qg5 39. Qxf3 Nd5 40. Qxd5 Rg1+ 41. Ke2 Qg4+ 42. Kd2 Qxd1+ 43. Ke3 Re1+ 44. Kf4 Qg4# 0-1


[Site "https://www.chess.com"]

[Event "Titled Tuesday Blitz March 07 Early 2023"]
[White "Slade, Theodore"]
[Black "Kislov, Oleg"]
[WhiteFideId "426547"]
[BlackFideId "13503774"]
[WhiteElo "1964"]
[BlackElo "2186"]
[Result "1/2-1/2"]
[Round "08"]
[TimeControl "180+2"]
[Date "2023.03.07"]
[WhiteClock "0:00:53"]
[BlackClock "0:00:09"]

1. d4 Nf6 2. c4 e6 3. g3 d5 4. Bg2 Be7 5. Nf3 O-O 6. O-O c6 7. Qc2 Nbd7 8. b3 b6 9. Bb2 Bb7 10. Nc3 Rc8 11. e4 dxe4 12. Nxe4 c5 13. Nxf6+ Bxf6 14. Ng5 Bxg5 15. Bxb7 Rc7 16. Bf3 cxd4 17. Bxd4 Bf6 18. Rad1 Bxd4 19. Rxd4 Qf6 20. Rfd1 Ne5 21. Be4 Nf3+ 22. Bxf3 Qxf3 23. Rd8 Rc8 24. Rxf8+ Rxf8 25. Rd3 Qc6 26. Qd1 g6 27. Rd6 Qc5 28. Rd7 a5 29. Qd6 Qxd6 30. Rxd6 Rb8 31. Kg2 Kf8 32. Kf3 Ke7 33. Rd2 Rc8 34. g4 a4 35. g5 axb3 36. axb3 Rc5 37. h4 h6 38. Kg4 hxg5 39. hxg5 b5 40. cxb5 Rxb5 41. Rb2 Rb4+ 42. Kg3 e5 43. f3 Ke6 44. Kg2 Kf5 45. Ra2 Kxg5 46. Rb2 f5 47. Kg3 e4 48. fxe4 Rxe4 49. b4 Re3+ 50. Kf2 Re6 51. b5 Rb6 52. Ke3 f4+ 53. Ke4 Re6+ 54. Kd5 Re8 55. b6 f3 56. b7 Kg4 57. b8=Q Rxb8 58. Rxb8 f2 59. Rf8 Kg3 60. Ke4 Kg2 61. Ke3 f1=Q 62. Rxf1 Kxf1 63. Kf4 Kg2 64. Kg5 Kf3 65. Kxg6 1/2-1/2


[Site "https://www.chess.com"]

[Event "Titled Tuesday Blitz March 07 Early 2023"]
[White "Shubenkova, Veronika"]
[Black "Sztokbant, Bernardo Vainzoff"]
[WhiteFideId "44124040"]
[BlackFideId "2115956"]
[WhiteElo "2027"]
[BlackElo "2222"]
[Result "1-0"]
[Round "08"]
[TimeControl "180+2"]
[Date "2023.03.07"]
[WhiteClock "0:01:46"]
[BlackClock "0:01:24"]

1. e4 c5 2. Nc3 Nc6 3. g3 e6 4. Bg2 Nf6 5. d3 Be7 6. f4 d5 7. e5 Nd7 8. Nf3 O-O 9. O-O f6 10. exf6 Nxf6 11. Re1 Bd7 12. Bd2 Rc8 13. h3 Nd4 14. Nxd4 cxd4 15. Ne2 Qb6 16. b3 Rc6 17. g4 Rfc8 18. Ng3 Rxc2 19. g5 Ne8 20. Bxd5 Kh8 21. Bc4 Rxd2 22. Qxd2 Bb4 23. Qf2 Bxe1 24. Rxe1 Nd6 25. Bxe6 Bxe6 26. Rxe6 Rc1+ 27. Nf1 Qc5 28. Qe2 Kg8 29. Re5 Qc8 30. Qg2 Nf5 31. Qd5+ Kh8 32. Rxf5 Rxf1+ 33. Kxf1 Qc1+ 34. Kg2 Qd2+ 35. Kg3 Qe1+ 36. Kh2 1-0


[Site "https://www.chess.com"]

[Event "Titled Tuesday Blitz March 07 Early 2023"]
[White "Ramirez Allo, Eduardo"]
[Black "Santos Flores, Alberto"]
[WhiteFideId "2224178"]
[BlackFideId "3601234"]
[WhiteElo "2499"]
[BlackElo "2235"]
[Result "0-1"]
[Round "08"]
[TimeControl "180+2"]
[Date "2023.03.07"]
[WhiteClock "0:00:04"]
[BlackClock "0:00:29"]

1. Nf3 c5 2. g3 Nc6 3. d4 cxd4 4. Nxd4 g6 5. c4 Nf6 6. Nc2 Bg7 7. Bg2 O-O 8. O-O d6 9. Nc3 Be6 10. Ne3 a6 11. b3 Qa5 12. Bb2 Rfc8 13. Rc1 Rab8 14. Qd2 b5 15. cxb5 axb5 16. Rfd1 b4 17. Ncd5 Nxd5 18. Nxd5 Bxd5 19. Bxd5 Bxb2 20. Qxb2 Ne5 21. Bg2 Rc3 22. Rxc3 bxc3 23. Qc2 Rc8 24. Rb1 Qb4 25. h3 e6 26. f4 Nd7 27. Bf3 d5 28. Kg2 f5 29. h4 Nf6 30. a3 Qxa3 31. b4 Ne4 32. b5 Qc5 33. Bxe4 fxe4 34. b6 Qc6 35. e3 Rb8 36. Rb3 Rxb6 37. Rxc3 Qb5 38. Rc8+ Kg7 39. Rc7+ Kh6 40. g4 Qb2 41. g5+ Kh5 42. Rxh7+ Kg4 43. Rc7 Qxc2+ 44. Rxc2 Kxh4 45. Rc8 Kg4 46. Kf2 Rb2+ 47. Ke1 Kf3 48. Rg8 Kxe3 49. Kf1 Kxf4 50. Rxg6 Rb3 51. Rg8 Rg3 52. g6 d4 53. g7 Ke3 54. Re8 Rxg7 55. Rxe6 d3 56. Re7 Rxe7 0-1


[Site "https://www.chess.com"]

[Event "Titled Tuesday Blitz March 07 Early 2023"]
[White "Benaddi, Mouhcine"]
[Black "Reprintsev, Alexander"]
[WhiteFideId "9001050"]
[BlackFideId "14100541"]
[WhiteElo "2036"]
[BlackElo "2229"]
[Result "0-1"]
[Round "08"]
[TimeControl "180+2"]
[Date "2023.03.07"]
[WhiteClock "0:02:02"]
[BlackClock "0:02:22"]

1. Nf3 Nc6 2. d4 d5 3. c4 e5 4. dxe5 d4 5. a3 g6 6. e3 Bg4 7. exd4 Bxf3 8. gxf3 Qxd4 9. Qxd4 Nxd4 10. Bd3 Nb3 0-1


[Site "https://www.chess.com"]

[Event "Titled Tuesday Blitz March 07 Early 2023"]
[White "Leenhouts, Koen"]
[Black "Markus, Robert"]
[WhiteFideId "1008439"]
[BlackFideId "921637"]
[WhiteElo "2409"]
[BlackElo "2623"]
[Result "1-0"]
[Round "08"]
[TimeControl "180+2"]
[Date "2023.03.07"]
[WhiteClock "0:01:17"]
[BlackClock "0:01:07"]

1. e4 c5 2. Nf3 d6 3. c3 Nf6 4. h3 Nc6 5. Bd3 d5 6. e5 Nd7 7. Qe2 Qc7 8. Bb5 a6 9. Bxc6 Qxc6 10. O-O e6 11. d3 Be7 12. Re1 h6 13. Nbd2 b5 14. Nf1 Bb7 15. Ng3 Nb6 16. Nh5 O-O-O 17. d4 Rdg8 18. dxc5 Bxc5 19. Be3 Nc4 20. Bxc5 Qxc5 21. Nd4 Kb8 22. a4 bxa4 23. Rxa4 g6 24. Nf6 Rd8 25. Rea1 Qc7 26. Rb4 Ka7 27. Nb5+ 1-0


[Site "https://www.chess.com"]

[Event "Titled Tuesday Blitz March 07 Early 2023"]
[White "Fernandez Garcia, Gumersindo"]
[Black "Topalov, Aleksandar"]
[WhiteFideId "24516740"]
[BlackFideId "925659"]
[WhiteElo "2093"]
[BlackElo "2151"]
[Result "1-0"]
[Round "08"]
[TimeControl "180+2"]
[Date "2023.03.07"]
[WhiteClock "0:00:42"]
[BlackClock "0:00:08"]

1. e4 e6 2. d4 d5 3. Bd3 dxe4 4. Bxe4 Nf6 5. Bf3 c5 6. Ne2 Nc6 7. Be3 e5 8. Bxc6+ bxc6 9. dxe5 Qxd1+ 10. Kxd1 Ng4 11. Nbc3 Bf5 12. Ng3 Nxe3+ 13. fxe3 Bg6 14. e4 h5 15. Ke2 h4 16. Nf5 Rh5 17. Rhf1 Rg5 18. Rf2 h3 19. gxh3 Rh5 20. h4 O-O-O 21. Rd1 Rxd1 22. Kxd1 c4 23. Rf4 Bc5 24. Ne2 Kd7 25. Nxg7 Rxe5 26. Ng3 Be3 27. Rg4 Bh6 28. N7f5 Bf8 29. h5 Bh7 30. h6 c5 31. c3 Ke6 32. Ke2 Kf6 33. Kf3 Re6 34. Nh5+ Ke5 35. Nhg7 Rb6 36. Rg5 Rxb2 37. Ne3+ Kf6 38. h4 Rxa2 39. Nd5# 1-0


[Site "https://www.chess.com"]

[Event "Titled Tuesday Blitz March 07 Early 2023"]
[White "Hirneise, Jens"]
[Black "Harriott, Tyrell"]
[WhiteFideId "24614734"]
[BlackFideId "2086484"]
[WhiteElo "2345"]
[BlackElo "2107"]
[Result "1-0"]
[Round "08"]
[TimeControl "180+2"]
[Date "2023.03.07"]
[WhiteClock "0:01:31"]
[BlackClock "0:00:46"]

1. c4 e6 2. d4 d5 3. cxd5 exd5 4. Nc3 f5 5. g3 Nf6 6. Bg2 c6 7. Nf3 Bd6 8. Ne5 O-O 9. O-O Nbd7 10. f4 Qb6 11. Kh1 Ne4 12. Nxe4 fxe4 13. e3 Nf6 14. h3 Qc7 15. g4 Qd8 16. Bd2 Qe8 17. Qe1 b6 18. Qh4 Ba6 19. Rg1 c5 20. Bf1 c4 21. g5 Nd7 22. Bc3 b5 23. a3 Bc8 24. Be2 a5 25. Bg4 Nb6 26. g6 h6 27. Nf7 Be7 28. Nxh6+ gxh6 29. Qxh6 Rf6 30. Qh7+ 1-0


[Site "https://www.chess.com"]

[Event "Titled Tuesday Blitz March 07 Early 2023"]
[White "babbilator"]
[Black "Begunov, Konstantin"]
[BlackFideId "4118510"]
[WhiteElo "2223"]
[BlackElo "2079"]
[Result "0-1"]
[Round "08"]
[TimeControl "180+2"]
[Date "2023.03.07"]
[WhiteClock "0:00:17"]
[BlackClock "0:00:43"]

1. e4 c5 2. Nc3 d6 3. Nf3 a6 4. d4 cxd4 5. Nxd4 Nf6 6. f4 e5 7. Nf3 Nbd7 8. a4 Be7 9. Bd3 O-O 10. O-O Qc7 11. Qe1 b6 12. Nh4 Nc5 13. fxe5 dxe5 14. Nf5 Bxf5 15. Rxf5 Rfd8 16. Bg5 Nxd3 17. cxd3 Rxd3 18. Bxf6 Bxf6 19. Nd5 Qc5+ 20. Kh1 Bd8 21. Rxf7 Rxd5 22. Rc1 Qd6 23. exd5 Kxf7 0-1


[Site "https://www.chess.com"]

[Event "Titled Tuesday Blitz March 07 Early 2023"]
[White "Seletsky, Grigory"]
[Black "Petre, Nad-Titus"]
[WhiteFideId "14112191"]
[BlackFideId "1204165"]
[WhiteElo "2490"]
[BlackElo "2354"]
[Result "0-1"]
[Round "08"]
[TimeControl "180+2"]
[Date "2023.03.07"]
[WhiteClock "0:01:05"]
[BlackClock "0:01:22"]

1. e4 d6 2. d4 Nf6 3. f3 e5 4. d5 c6 5. c4 Be7 6. Nc3 O-O 7. Be3 Nfd7 8. Qd2 a5 9. Bd3 Na6 10. Nge2 Ndc5 11. Bc2 Nb4 12. Rc1 cxd5 13. cxd5 Nxc2+ 14. Rxc2 b6 15. Nb5 Ba6 16. Nec3 Qd7 17. Qe2 h6 18. O-O Bg5 19. Bxg5 hxg5 20. b3 Rfc8 21. Rb1 g6 22. a4 f5 23. h3 Kg7 24. b4 Nxa4 25. Qe3 Bxb5 26. bxa5 Nxc3 27. Rxc3 bxa5 28. Rxc8 Rxc8 29. Qb6 Bd3 30. Re1 Qc7 0-1


[Site "https://www.chess.com"]

[Event "Titled Tuesday Blitz March 07 Early 2023"]
[White "Mouhamad, Joachim"]
[Black "Djokovic, Nebojsa"]
[WhiteFideId "656410"]
[BlackFideId "938300"]
[WhiteElo "2164"]
[BlackElo "2573"]
[Result "1-0"]
[Round "08"]
[TimeControl "180+2"]
[Date "2023.03.07"]
[WhiteClock "0:00:34"]
[BlackClock "0:00:04"]

1. e4 e6 2. d4 d5 3. Nc3 Nf6 4. e5 Nfd7 5. f4 c5 6. Nf3 Nc6 7. Be3 cxd4 8. Nxd4 Qb6 9. Qd2 Qxb2 10. Rb1 Qa3 11. Ncb5 Qxa2 12. Rd1 Rb8 13. Nc7+ Kd8 14. Ncxe6+ fxe6 15. Nxe6+ Ke8 16. Nxf8 Rxf8 17. Bd3 d4 18. Bxh7 Qa5 19. Bg6+ Ke7 20. Qxa5 Nxa5 21. Rxd4 Nc6 22. Rd2 b6 23. O-O Bb7 24. Rfd1 Rfd8 25. Bf2 Ndxe5 26. Bh4+ Kf8 27. fxe5 Rxd2 28. Rxd2 Nxe5 29. Bg3 Nxg6 30. Bxb8 a5 31. Bc7 a4 32. Bxb6 Bc6 33. Rd6 Be4 34. Bc5 Kf7 35. c4 Ne5 36. Ra6 Bc2 37. Ra7+ Ke6 38. Bd4 Nc6 39. Ra6 Kd6 40. Bxg7 Kc7 41. c5 Nb4 42. Be5+ Kb7 43. Rb6+ Ka8 44. Rxb4 a3 45. h4 a2 46. h5 Ka7 47. Rb6 Bb1 48. Ba1 Ka8 49. g4 Ka7 50. g5 Bf5 51. g6 Bb1 52. g7 Bh7 53. h6 Bg8 54. Kf2 Bh7 55. Ke3 Bg8 56. Kd4 Bh7 57. Ke5 Bg8 58. Kd6 Bf7 59. Kc7 Bg8 60. Rf6 Bb3 61. h7 Bg8 62. h8=Q Be6 63. Qb8+ Ka6 64. Qb6# 1-0


[Site "https://www.chess.com"]

[Event "Titled Tuesday Blitz March 07 Early 2023"]
[White "Koridze, Lile"]
[Black "Moksh Amit Doshi"]
[WhiteFideId "13612514"]
[BlackFideId "25064967"]
[WhiteElo "2047"]
[BlackElo "2297"]
[Result "0-1"]
[Round "08"]
[TimeControl "180+2"]
[Date "2023.03.07"]
[WhiteClock "0:01:44"]
[BlackClock "0:01:08"]

1. d4 Nf6 2. c4 c6 3. Nf3 d5 4. Nc3 e6 5. e3 Nbd7 6. Be2 Bd6 7. O-O O-O 8. b3 b6 9. Bb2 Bb7 10. Qc2 Qe7 11. e4 dxe4 12. Nxe4 Nxe4 13. Qxe4 Nf6 14. Qh4 c5 15. Rfe1 Rfe8 16. d5 exd5 17. Bd3 Ne4 18. Qg4 d4 19. Nd2 Qg5 20. Rxe4 Qxd2 21. Bxd4 cxd4 22. Rxd4 Qh6 23. h4 Be5 0-1


[Site "https://www.chess.com"]

[Event "Titled Tuesday Blitz March 07 Early 2023"]
[White "Zherebtsova, Alexandra"]
[Black "Borrmann, Laurenz"]
[WhiteFideId "24129518"]
[BlackFideId "312187930"]
[WhiteElo "2055"]
[BlackElo "2312"]
[Result "1-0"]
[Round "08"]
[TimeControl "180+2"]
[Date "2023.03.07"]
[WhiteClock "0:00:18"]
[BlackClock "0:00:01"]

1. d4 f5 2. Nf3 Nf6 3. g3 e6 4. Bg2 d5 5. b3 Be7 6. Ba3 Bxa3 7. Nxa3 c5 8. O-O cxd4 9. Nxd4 Nc6 10. c4 e5 11. Ndb5 d4 12. Nc2 O-O 13. f4 Qb6 14. Kh1 Rd8 15. fxe5 Ne4 16. Nd6 Nxd6 17. exd6 Rxd6 18. b4 Qd8 19. Bd5+ Rxd5 20. cxd5 Qxd5+ 21. Kg1 b6 22. b5 Qxb5 23. Nxd4 Nxd4 24. Qxd4 Bb7 25. Rac1 Qxe2 26. Qc4+ Qxc4 27. Rxc4 Bd5 28. Rc7 Bxa2 29. Rxf5 Be6 30. Re5 Bf7 31. Ree7 Rf8 32. Rxa7 b5 33. Rab7 h6 34. Rxb5 1-0


[Site "https://www.chess.com"]

[Event "Titled Tuesday Blitz March 07 Early 2023"]
[White "Miszler, Levente"]
[Black "Janaszak, Dawid"]
[WhiteFideId "763276"]
[BlackFideId "1119206"]
[WhiteElo "2176"]
[BlackElo "2220"]
[Result "0-1"]
[Round "08"]
[TimeControl "180+2"]
[Date "2023.03.07"]
[WhiteClock "0:00:36"]
[BlackClock "0:00:49"]

1. Nf3 c5 2. c4 Nc6 3. Nc3 d6 4. g3 g6 5. Bg2 Bg7 6. O-O Nf6 7. d3 O-O 8. a3 Bg4 9. Rb1 Qd7 10. Re1 Bh3 11. Bh1 a5 12. Bd2 Nh5 13. Qc1 Rfe8 14. Nd5 Rad8 15. b4 axb4 16. axb4 cxb4 17. Nxb4 Nd4 18. Bc3 e5 19. Nd5 Rb8 20. Rb6 Bg4 21. Ng5 Nxe2+ 22. Rxe2 Bxe2 23. Ne4 Bxd3 24. Rxd6 Qf5 25. Qe3 Bxc4 26. Nc7 Rec8 27. Qc5 b5 28. Ba5 Bf8 29. Qa7 Bxd6 30. Nxd6 Qb1+ 31. Kg2 Qf1+ 32. Kf3 Qxh1+ 33. Ke3 Qd1 0-1


[Site "https://www.chess.com"]

[Event "Titled Tuesday Blitz March 07 Early 2023"]
[White "Pino Perez, Lazaro"]
[Black "Malyi, Viacheslav"]
[WhiteFideId "3517055"]
[BlackFideId "14123983"]
[WhiteElo "2170"]
[BlackElo "2291"]
[Result "0-1"]
[Round "08"]
[TimeControl "180+2"]
[Date "2023.03.07"]
[WhiteClock "0:00:01"]
[BlackClock "0:01:01"]

1. d4 d5 2. Bf4 Nf6 3. e3 c5 4. Nf3 Nc6 5. Nbd2 Bf5 6. dxc5 e6 7. Nd4 Bg6 8. Bb5 Rc8 9. b4 Nd7 10. Nxc6 bxc6 11. Ba6 e5 12. Bxc8 Qxc8 13. Bg3 Qb7 14. c3 Bd3 15. Nf3 e4 16. Nd4 Be7 17. Nf5 Nf6 18. Nxg7+ Kf8 19. Nf5 Rg8 20. Qa4 Rg5 21. Nd4 Qd7 22. Qxc6 Qg4 23. h3 Qh5 24. Qc8+ Kg7 25. Bf4 Rxg2 26. Nf5+ Kg6 27. Nxe7+ Kg7 28. Nf5+ Kg6 29. Nd4 h6 30. Qf5+ Qxf5 31. Nxf5 Kxf5 32. Rd1 Bc4 33. a4 Rg8 34. Rb1 Bd3 35. Rb2 Bc4 36. b5 Rc8 37. c6 Nd7 0-1


[Site "https://www.chess.com"]

[Event "Titled Tuesday Blitz March 07 Early 2023"]
[White "Bochnicka, Vladimir"]
[Black "Garv Gaur"]
[WhiteFideId "14943450"]
[BlackFideId "45030839"]
[WhiteElo "2094"]
[BlackElo "2068"]
[Result "1-0"]
[Round "08"]
[TimeControl "180+2"]
[Date "2023.03.07"]
[WhiteClock "0:01:15"]
[BlackClock "0:00:45"]

1. e4 Nc6 2. Nf3 d6 3. d4 g6 4. Be3 Bg7 5. Nc3 e5 6. Qd2 f5 7. O-O-O f4 8. Bxf4 exf4 9. Bc4 Bg4 10. Rhe1 Bxf3 11. gxf3 Nxd4 12. Nd5 Nxf3 13. Qa5 Rc8 14. Re2 Ne5 15. Bb3 c6 16. Qa4 Ne7 17. Kb1 b5 18. Qxa7 cxd5 19. Bxd5 Rc7 20. Qa6 1-0


[Site "https://www.chess.com"]

[Event "Titled Tuesday Blitz March 07 Early 2023"]
[White "Zhukova, Natalia"]
[Black "Kopczynski, Michal"]
[WhiteFideId "14101513"]
[BlackFideId "1124200"]
[WhiteElo "2297"]
[BlackElo "2212"]
[Result "1-0"]
[Round "08"]
[TimeControl "180+2"]
[Date "2023.03.07"]
[WhiteClock "0:00:52"]
[BlackClock "0:00:30"]

1. c4 d6 2. Nc3 e5 3. Nf3 f5 4. d4 e4 5. Ng5 Nf6 6. g3 g6 7. Bg2 Bg7 8. O-O O-O 9. f3 h6 10. Nh3 exf3 11. exf3 Nc6 12. Be3 Kh7 13. Nf4 g5 14. Nfd5 Nxd5 15. Nxd5 Be6 16. f4 g4 17. Qd2 h5 18. h4 gxh3 19. Bxh3 Bxd5 20. cxd5 Ne7 21. Qe2 Qe8 22. Qf3 Qg6 23. Rac1 Rac8 24. Rc2 c6 25. dxc6 Rxc6 26. Rh2 Kg8 27. Bg2 Rc2 28. Bf2 Qg4 29. Qb3+ Kh7 30. Qxc2 Rc8 31. Qd1 Qxd1 32. Rxd1 Kg6 33. Bxb7 Rb8 34. Bf3 Rxb2 35. Bxh5+ Kf6 36. d5 Rxa2 37. Bd4# 1-0


[Site "https://www.chess.com"]

[Event "Titled Tuesday Blitz March 07 Early 2023"]
[White "Kozin, Yuri"]
[Black "sissahungrychess"]
[WhiteFideId "4129920"]
[WhiteElo "2507"]
[BlackElo "2402"]
[Result "1-0"]
[Round "08"]
[TimeControl "180+2"]
[Date "2023.03.07"]
[WhiteClock "0:00:06"]
[BlackClock "0:00:03"]

1. e4 c5 2. Nf3 d6 3. d4 cxd4 4. Nxd4 Nf6 5. Nc3 a6 6. Be3 e5 7. Nf3 Be7 8. Bc4 O-O 9. O-O Bg4 10. h3 Bh5 11. a4 Nc6 12. Nd5 Nxe4 13. Bb6 Qd7 14. Bb3 Bg6 15. Re1 Bd8 16. a5 Nf6 17. Ba4 Nxd5 18. Qxd5 Bxb6 19. axb6 Qd8 20. Bxc6 bxc6 21. Qxc6 Rc8 22. Qb7 Rb8 23. Qxa6 Rxb6 24. Qa3 Bxc2 25. Rac1 Bb3 26. Re3 Be6 27. Rd1 Qb8 28. Red3 e4 29. Rxd6 Rxd6 30. Rxd6 exf3 31. g3 Qb7 32. Rd3 Rb8 33. b3 Bxh3 34. Rxf3 Be6 35. Re3 Qd5 36. Qa7 Rc8 37. Re1 Qd2 38. Qa1 Qh6 39. Rd1 Bxb3 40. Qc3 1-0


[Site "https://www.chess.com"]

[Event "Titled Tuesday Blitz March 07 Early 2023"]
[White "Lehtosaari, Mauri"]
[Black "Osinovsky, Stepan"]
[WhiteFideId "501999"]
[BlackFideId "4157354"]
[WhiteElo "2505"]
[BlackElo "2222"]
[Result "1-0"]
[Round "08"]
[TimeControl "180+2"]
[Date "2023.03.07"]
[WhiteClock "0:00:11"]
[BlackClock "0:00:01"]

1. d4 Nf6 2. Nf3 g6 3. Bg5 Bg7 4. Nbd2 c5 5. e3 O-O 6. Be2 b6 7. O-O Bb7 8. a4 Nc6 9. c3 d6 10. h3 Rc8 11. Nb3 Ne4 12. Bf4 e5 13. dxe5 dxe5 14. Bh2 Qe7 15. Qc2 f5 16. a5 h6 17. axb6 axb6 18. Nfd2 Ng5 19. Nc4 Nxh3+ 20. Kh1 Ng5 21. Nxb6 Rcd8 22. Rad1 f4 23. Rxd8 Qxd8 24. Nc4 f3 25. Bd3 e4 26. Bxe4 Nxe4 27. Qxe4 fxg2+ 28. Qxg2 Na5 29. f3 Nxc4 30. Qxg6 Nxe3 31. Qe6+ Kh8 32. Qxe3 Qd5 33. Nxc5 Bc6 34. Kg2 Qh5 35. Bg3 Qg6 36. Ne4 Re8 37. Qf4 Bxe4 38. fxe4 Rxe4 39. Qb8+ Kh7 40. Rf3 Re2+ 41. Rf2 Qe4+ 42. Kh2 Re1 43. Rg2 Qg4 44. Qf4 Qh5+ 45. Qh4 Qd1 46. Kh3 Rh1+ 47. Bh2 Qf3+ 48. Qg3 Qh5+ 49. Qh4 1-0


[Site "https://www.chess.com"]

[Event "Titled Tuesday Blitz March 07 Early 2023"]
[White "Bas Mas, Jose Joaquin"]
[Black "Ezat, Mohamed"]
[WhiteFideId "22219064"]
[BlackFideId "10600906"]
[WhiteElo "2233"]
[BlackElo "2386"]
[Result "0-1"]
[Round "08"]
[TimeControl "180+2"]
[Date "2023.03.07"]
[WhiteClock "0:01:13"]
[BlackClock "0:00:45"]

1. e4 e5 2. Bc4 Nf6 3. d3 c6 4. Nf3 d5 5. Bb3 Bd6 6. O-O h6 7. Re1 O-O 8. exd5 cxd5 9. Nxe5 Nc6 10. d4 Re8 11. Bf4 Bg4 12. f3 Qb6 13. Nxc6 Bxf4 14. Ne7+ Kf8 15. Nxd5 Rxe1+ 16. Qxe1 Nxd5 17. Bxd5 Qxd4+ 18. Kh1 Re8 19. Qf1 Qxd5 20. Nc3 Qh5 0-1


[Site "https://www.chess.com"]

[Event "Titled Tuesday Blitz March 07 Early 2023"]
[White "Degenbaev, Aziz"]
[Black "Andrews, Todd"]
[WhiteFideId "13802640"]
[BlackFideId "2012456"]
[WhiteElo "2152"]
[BlackElo "2394"]
[Result "1-0"]
[Round "08"]
[TimeControl "180+2"]
[Date "2023.03.07"]
[WhiteClock "0:00:15"]
[BlackClock "0:00:11"]

1. e4 e6 2. d4 d5 3. Nc3 Bb4 4. e5 c5 5. a3 Bxc3+ 6. bxc3 Qc7 7. Nf3 Bd7 8. a4 Ne7 9. Bd3 h6 10. O-O Nbc6 11. Ba3 cxd4 12. cxd4 O-O 13. Qd2 Rfc8 14. Bd6 Qd8 15. Qf4 Nf5 16. Rfb1 Nxd6 17. exd6 Na5 18. Ne5 f6 19. Ng6 Rc3 20. Ne7+ Kf8 21. Qg4 b6 22. Qg6 Be8 23. Qh7 Qxd6 24. Ng6+ Bxg6 25. Bxg6 Rac8 26. Re1 Ke7 27. Qxg7+ Kd8 28. Qxf6+ Kc7 29. Rxe6 Qf8 30. Qe5+ Kb7 31. Qxd5+ Kb8 32. Qe5+ R8c7 33. Re8+ Qxe8 34. Qxe8+ Kb7 35. Be4+ Ka6 36. Qb5# 1-0


[Site "https://www.chess.com"]